 Dungeon Crawl Stone Soup version 0.30.1-11-g7821555f0a (webtiles) character file.

Game seed: 17359629352410110726

100 octoduck the Ducker (level 4, -4/41 HPs)
             Began as a Gnoll Monk on Dec 26, 2023.
             Killed from afar by an orc wizard (7 damage)
             ... with a magic dart
             ... on level 2 of the Dungeon.
             The game lasted 00:05:21 (1680 turns).

octoduck the Ducker (Gnoll Monk)                    Turns: 1680, Time: 00:05:22

Health: -4/41      AC: 10    Str: 20    XL:     4   Next: 74%
Magic:  5/5        EV: 12    Int: 10    God:
Gold:   86         SH:  0    Dex: 14    Spells: 5/5 levels left

rFire   . . .        n - +6 dagger
rCold   . . .        (no shield)
rNeg    . . .        l - +0 scale mail
rPois   .            (no helmet)
rElec   .            f - +0 cloak
rCorr   .            (no gloves)
SInv    .            h - +2 pair of boots
Will    .....        (no amulet) Stlth
                     k - +6 ring of strength
HPRegen 0.26/turn    (no ring)
MPRegen 0.09/turn

%: no passive effects
@: lethally poisoned (-4 -> -6)
A: fangs 1, strong nose, distributed training, strong 1
a: no special abilities


You were on level 2 of the Dungeon.
You visited 1 branch of the dungeon, and saw 2 of its levels.

You collected 86 gold pieces.

Inventory:

Hand Weapons
 a - a +0 hand axe
 d - a +1 vampiric spear
 n - a +6 dagger (weapon)
Armour
 f - a +0 cloak (worn)
 g - a +0 ring mail
 h - a +2 pair of boots (worn)
 l - a +0 scale mail (worn)
Jewellery
 k - a +6 ring of strength (left hand)
 o - a ring of wizardry
Wands
 m - a wand of polymorph (8)
Scrolls
 p - a scroll of amnesia {unknown}
 q - a scroll of teleportation {unknown}
Potions
 b - 2 potions of flight
 e - a potion of cancellation
 j - a potion of heal wounds {unknown}


   Skills:
 + Level 6.6 Fighting
 + Level 1.2 Short Blades
 + Level 1.2 Long Blades
 + Level 6.6 Axes
 + Level 1.2 Maces & Flails
 + Level 1.2 Polearms
 + Level 1.2 Staves
 + Level 1.2 Ranged Weapons
 + Level 1.2 Throwing
 + Level 1.2 Armour
 + Level 6.6 Dodging
 + Level 1.2 Stealth
 + Level 1.2 Shields
 + Level 1.2 Unarmed Combat
 + Level 1.2 Spellcasting
 + Level 1.0 Conjurations
 + Level 1.0 Hexes
 + Level 1.0 Summonings
 + Level 1.0 Necromancy
 + Level 1.0 Translocations
 + Level 1.0 Transmutations
 + Level 1.0 Fire Magic
 + Level 1.0 Ice Magic
 + Level 1.0 Air Magic
 + Level 1.0 Earth Magic
 + Level 1.0 Poison Magic
 + Level 1.4 Invocations
 + Level 1.2 Evocations


You had 5 spell levels left.
You didn't know any spells.
Your spell library contained the following spells:

 Spells                   Type           Power      Damage    Failure   Level
 Freeze                   Ice            8%         1d3       54%         1
 Frozen Ramparts          Ice            4%         1d1       89%         3
 Hailstorm                Conj/Ice       2%         3d3       89%         3


Dungeon Overview and Level Annotations

Branches:
Dungeon (2/15)

Altars:

Shops:
D:1 [


Innate Abilities, Weirdness & Mutations

You have very sharp teeth.
Your uncanny sense of smell can sniff out nearby items.
Your experience applies equally to all skills.
Your muscles are strong. (Str +4, Int/Dex -1)


Message History

Something hits you but does no damage.
You are lethally poisoned!
You feel very sick.
* * * LOW HITPOINT WARNING * * *
You feel very sick.
* * * LOW HITPOINT WARNING * * *
You feel very sick.
* * * LOW HITPOINT WARNING * * *
You feel sick.
The orc throws a boomerang.
The boomerang hits you.
* * * LOW HITPOINT WARNING * * *
Things that are here:
a worm corpse; a jackal corpse You are confused.
You feel invigorated.
* * * LOW HITPOINT WARNING * * *
You feel sick.
You feel sick.
The orc throws a boomerang.
The boomerang hits you.
* * * LOW HITPOINT WARNING * * *
It was a potion of flight.
You feel very buoyant.
You fly up into the air.
You feel sick.
The orc throws a boomerang.
The boomerang hits you.
* * * LOW HITPOINT WARNING * * *
You hear some strange, mumbled words.
Something tries to affect you, but you resist.
It was a potion of cancellation.
Your magical effects are unravelling.
You feel magically purged.
You feel less invigorated.
You float gracefully downwards.
You feel less confused.
You feel sick.
A magic dart appears from out of thin air!
The magic dart hits you.
* * * LOW HITPOINT WARNING * * *
It was a potion of mutation.
You feel extremely strange.
You feel stronger.
You feel sick. The orc hits you but does no damage.
A magic dart appears from out of thin air!
The magic dart hits you!
You die...

......#.....########
............#
#....o....# #....)#
#.....### #......{##
#######o.### ##o..#
###@# #.###### ####
#......# #...
###....########...
##......##......
#...##†........
#...#####....##
######.........
#....†.##.


You could see 2 orcs.

Vanquished Creatures
  Jessica (D:2)
  Terence (D:2)
  An adder (D:2)
  A worm (D:2)
  An orc (D:2)
  2 endoplasms (D:2)
  3 giant cockroaches (D:1)
  5 goblins
  A hobgoblin (D:1)
  3 jackals (D:2)
  2 quokkas (D:1)
  3 ball pythons
  5 bats
  2 frilled lizards
  4 kobolds
  3 rats
38 creatures vanquished.

Notes
Turn   | Place    | Note
-------+----------+-------------------------------------------
     0 | D:1      | octoduck the Gnoll Monk began the quest for the Orb.
     0 | D:1      | Reached XP level 1. HP: 23/23 MP: 1/1
   265 | D:1      | Found Ustraxirph's Antique Armour Shop.
   346 | D:1      | Reached XP level 2. HP: 29/29 MP: 2/2
   930 | D:2      | Reached XP level 3. HP: 35/35 MP: 3/3
  1021 | D:2      | Noticed Terence
  1155 | D:2      | Reached skill level 1 in Invocations
  1272 | D:2      | Found a faded altar of an unknown god.
  1318 | D:2      | Killed Terence
  1319 | D:2      | Reached skill level 1 in Short Blades
  1319 | D:2      | Reached skill level 1 in Long Blades
  1319 | D:2      | Reached skill level 1 in Maces & Flails
  1319 | D:2      | Reached skill level 1 in Polearms
  1319 | D:2      | Reached skill level 1 in Staves
  1319 | D:2      | Reached skill level 1 in Ranged Weapons
  1319 | D:2      | Reached skill level 1 in Throwing
  1319 | D:2      | Reached skill level 1 in Armour
  1319 | D:2      | Reached skill level 1 in Stealth
  1319 | D:2      | Reached skill level 1 in Shields
  1319 | D:2      | Reached skill level 1 in Unarmed Combat
  1319 | D:2      | Reached skill level 1 in Spellcasting
  1319 | D:2      | Reached skill level 1 in Evocations
  1319 | D:2      | Reached XP level 4. HP: 40/41 MP: 5/5
  1374 | D:2      | Noticed Jessica
  1518 | D:2      | Killed Jessica
  1519 | D:2      | Reached skill level 1 in Conjurations
  1519 | D:2      | Reached skill level 1 in Hexes
  1519 | D:2      | Reached skill level 1 in Summonings
  1519 | D:2      | Reached skill level 1 in Necromancy
  1519 | D:2      | Reached skill level 1 in Translocations
  1519 | D:2      | Reached skill level 1 in Transmutations
  1519 | D:2      | Reached skill level 1 in Fire Magic
  1519 | D:2      | Reached skill level 1 in Ice Magic
  1519 | D:2      | Reached skill level 1 in Air Magic
  1519 | D:2      | Reached skill level 1 in Earth Magic
  1519 | D:2      | Reached skill level 1 in Poison Magic
  1680 | D:2      | Gained mutation: Your muscles are strong. (Str +4, Int/Dex
                  | -1) [potion of mutation]
  1680 | D:2      | Killed from afar by an orc wizard

Illustrated notes

Levels and vault maps discovered:
D:1:      grunt_arrival_lava_bath, layout_basic, serial_shops, shop,
          minmay_tetromino_i2
D:2:      layout_basic, basic_ecumenical_altar, uniq_terence, uniq_jessica

Skill      XL: |  1  2  3  4 |
---------------+-------------+-----
Invocations    | 1 |  1.4
Short Blades   | 1 |  1.2
Long Blades    | 1 |  1.2
Maces & Flails | 1 |  1.2
Polearms       | 1 |  1.2
Staves         | 1 |  1.2
Ranged Weapons | 1 |  1.2
Throwing       | 1 |  1.2
Armour         | 1 |  1.2
Stealth        | 1 |  1.2
Shields        | 1 |  1.2
Unarmed Combat | 1 |  1.2
Spellcasting   | 1 |  1.2
Evocations     | 1 |  1.2
Conjurations   | 1 |  1.0
Hexes          | 1 |  1.0
Summonings     | 1 |  1.0
Necromancy     | 1 |  1.0
Translocations | 1 |  1.0
Transmutations | 1 |  1.0
Fire Magic     | 1 |  1.0
Ice Magic      | 1 |  1.0
Air Magic      | 1 |  1.0
Earth Magic    | 1 |  1.0
Poison Magic   | 1 |  1.0
Fighting       | |  6.6
Axes           | |  6.6
Dodging        | |  6.6

Action                     |  1- 3 |  4- 6 || total
---------------------------+-------+-------++-------
  Melee: Hand axe          |    39 |       ||    39
         Bite              |     9 |     5 ||    14
         Spear             |    58 |     2 ||    60
         Punch             |     2 |     1 ||     3
         Dagger            |       |    30 ||    30
    Use: Scroll            |     1 |       ||     1
         Potion            |       |     4 ||     4
 Armour: Ring mail         |    40 |       ||    40
         Scale mail        |       |    14 ||    14
  Dodge: Dodged            |    71 |    26 ||    97
